 Dungeon Crawl Stone Soup version 0.28.0-1-gb440e238dd (webtiles) character file.

Game seed: 18052827882381508966

134265 Weaver the Brawler (level 16, -4/162 HPs)
             Began as a Troll Hunter on Feb 19, 2022.
             Was the Champion of Okawaru.
             Slain by a salamander (14 damage)
             ... on level 2 of the Snake Pit on Feb 22, 2022.
             The game lasted 01:47:05 (21344 turns).

Weaver the Brawler (Troll Hunter)                  Turns: 21344, Time: 01:47:05

Health: -4/162     AC: 21    Str: 32    XL:     16   Next: 61%
Magic:  16/22      EV: 17    Int:  8    God:    Okawaru [******]
Gold:   3303       SH:  0    Dex: 20    Spells: 15/15 levels left

rFire   . . .      SeeInvis .     - Unarmed
rCold   + . .      Faith    +   (no shield)
rNeg    . . .      Spirit   .   E - +6 acid dragon scales
rPois   .          Reflect  .   D - +1 hat of the Lily {+Inv rElec Dex+4}
rElec   +          Harm     .   s - +1 cloak of a wizard's laboratory {Rampage rC+ Regen+ Int-3}
rCorr   +          Rampage  +   (gloves unavailable)
Will    +....                   (boots unavailable)
Stlth   +++.......              G - amulet of faith
HPRegen 1.97/turn               q - +6 ring of dexterity
MPRegen 0.18/turn               Z - +6 ring of strength

@: heroic, finesse-ful
A: large, unfitting armour, claws 3, regeneration 1, shaggy fur 1, tough skin 1
a: Renounce Religion, Evoke Invisibility, Heroism, Finesse, Duel


You were on level 2 of the Snake Pit.
You worshipped Okawaru.
Okawaru was exalted by your worship.
You visited 5 branches of the dungeon, and saw 27 of its levels.

You collected 3987 gold pieces.
You spent 684 gold pieces at shops.

Inventory:

Hand Weapons
 J - a +5 flail of draining
 N - the +11 fustibalus "Xurgh" {venom, rF- Str+4 SInv}
   (Okawaru gifted it to you on level 4 of the Lair of Beasts)

   Any ammunition fired from it poisons the flesh of those it strikes.
   Str:       It affects your strength (+4).
   rF:        It makes you vulnerable to fire.
   SInv:      It lets you see invisible.
Missiles
 c - 22 large rocks (quivered)
 d - 2 throwing nets
 B - 24 boomerangs
 F - 4 poisoned darts
 L - 7 silver javelins
 S - 5 curare-tipped darts
Armour
 s - the +1 cloak of a wizard's laboratory (worn) {Rampage rC+ Regen+ Int-3}
   (You found it on level 5 of the Dungeon)

   Int:       It affects your intelligence (-3).
   rC:        It protects you from cold.
   Regen:     It increases your rate of health regeneration.
   Rampage:   It bestows one free step when moving towards enemies.
 D - the +1 hat of the Lily (worn) {+Inv rElec Dex+4}
   (Okawaru gifted it to you on level 11 of the Dungeon)

   Dex:       It affects your dexterity (+4).
   rElec:     It insulates you from electricity.
   +Inv:      It lets you turn invisible.
 E - +6 acid dragon scales (worn)
Jewellery
 q - a +6 ring of dexterity (left claw)
 r - a ring of protection from fire
 A - a ring of positive energy
 G - an amulet of faith (around neck)
 I - a ring of protection from fire
 M - a ring of magical power
 Q - a ring of willpower
 T - a ring of positive energy
 V - a +6 ring of intelligence
 Z - a +6 ring of strength (right claw)
Wands
 t - a wand of digging (6)
 v - a wand of paralysis (18)
 w - a wand of flame (17)
 x - a wand of mindburst (15)
 W - a wand of polymorph (5)
Scrolls
 a - 5 scrolls of identify
 b - a scroll of enchant armour
 g - a scroll of blinking
 i - 20 scrolls of teleportation
 j - 3 scrolls of amnesia
 m - 8 scrolls of fog
 y - a scroll of magic mapping
 H - a scroll of silence
 K - a scroll of summoning
 R - a scroll of fear
 U - a scroll of enchant weapon
 X - a scroll of brand weapon
Potions
 e - 2 potions of heal wounds
 f - 3 potions of haste
 h - 3 potions of flight
 k - a potion of ambrosia
 l - 5 potions of lignification
 n - 4 potions of mutation
 o - a potion of might
 p - 4 potions of brilliance
 u - 10 potions of curing
 z - a potion of magic
 O - a potion of attraction
Miscellaneous
 C - a phial of floods
 P - a lightning rod (4/4)


   Skills:
 + Level 11.2(16.2) Fighting
 + Level 12.7(17.7) Throwing
 + Level 9.0(14.0) Armour
 - Level 6.8(11.8) Dodging
 - Level 0.3(5.3) Stealth
 * Level 18.2(23.2) Unarmed Combat
 + Level 9.4 Invocations


You had 15 spell levels left.
You didn't know any spells.
Your spell library contained the following spells:

 Spells                   Type           Power      Damage    Failure   Level
 Beastly Appendage        Tmut           0%         N/A       43%         1
 Foxfire                  Conj/Fire      0%         2x1d4     43%         1
 Freeze                   Ice            0%         1d3       43%         1
 Magic Dart               Conj           0%         1d3       43%         1
 Slow                     Hex            0%         N/A       43%         1
 Static Discharge         Conj/Air       0%         N/A       58%         2
 Wereblood                Tmut           0%         N/A       58%         2
 Confusing Touch          Hex            0%         N/A       82%         3
 Conjure Flame            Conj/Fire      0%         6-21      82%         3
 Frozen Ramparts          Ice            0%         1d2       82%         3
 Inner Flame              Hex/Fire       0%         N/A       82%         3
 Mephitic Cloud           Conj/Pois/Air  0%         N/A       82%         3
 Portal Projectile        Hex/Tloc       0%         N/A       82%         3
 Spider Form              Tmut/Pois      0%         N/A       82%         3
 Vampiric Draining        Necr           0%         2d6       82%         3
 Airstrike                Air            0%         N/A       99%         4
 Anguish                  Hex/Necr       0%         N/A       99%         4
 Flame Wave               Conj/Fire      0%         2d4       99%         4
 Hailstorm                Conj/Ice       0%         3d3       99%         4
 Leda's Liquefaction      Hex/Erth       0%         N/A       99%         4
 Passage of Golubria      Tloc           0%         N/A       99%         4
 Petrify                  Tmut/Erth      0%         N/A       99%         4
 Alistair's Intoxication  Tmut/Pois      0%         N/A       100%        5
 Blade Hands              Tmut           0%         N/A       100%        5
 Borgnjor's Vile Clutch   Necr/Erth      0%         N/A       100%        5
 Excruciating Wounds      Necr           0%         N/A       100%        5
 Irradiate                Conj/Tmut      0%         3d14      100%        5
 Lee's Rapid Deconstruct  Erth           0%         3d5*      100%        5
 Lightning Bolt           Conj/Air       0%         1d11      100%        5
 Metabolic Englaciation   Hex/Ice        0%         N/A       100%        5
 Yara's Violent Unravell  Hex/Tmut       0%         3d3       100%        5
 Conjure Ball Lightning   Conj/Air       0%         3x3d6     100%        6
 Eringya's Noxious Bog    Tmut/Pois      0%         N/A       100%        6
 Statue Form              Tmut/Erth      0%         N/A       100%        6
 Dragon Form              Tmut           0%         N/A       100%        7
 Enfeeble                 Hex            0%         N/A       100%        7
 Discord                  Hex            0%         N/A       100%        8
 Disjunction              Tloc           0%         N/A       100%        8
 Maxwell's Capacitive Co  Air            0%         ∞         100%        8
 Call Imp                 Summ           Unusable   N/A       N/A         2
 Call Canine Familiar     Summ           Unusable   N/A       N/A         3
 Tukima's Dance           Hex            Unusable   N/A       N/A         3
 Summon Lightning Spire   Summ/Air       Unusable   N/A       N/A         4

Dungeon Overview and Level Annotations

Branches:
Dungeon (15/15)            Temple (1/1) D:5            Lair (6/6) D:9
  Swamp (0/4) Lair:4        Snake (3/4) Lair:3        Slime (0/5) Lair:5
    Orc (2/2) D:10            Elf (0/3) Orc:2        Vaults (0/5) D:14
 Depths (0/4) D:15

Altars:
Ashenzari
Cheibriados
Dithmenos
Elyvilon
Fedhas
Gozag
Hepliaklqana
Kikubaaqudgha
Makhleb
Nemelex Xobeh
Okawaru
Qazlal
Ru
Sif Muna
Trog
Uskayaw
Vehumet
Wu Jian
Xom
Yredelemnul
Zin
The Shining One
Beogh
Lugonu

Shops:
D:1 (   D:12 *   Orc:1 !   Orc:2 ?:?(

Portals:
Abyss: Lair:6
Trove: D:12 (give +5 demon blade)

Annotations:
D:5 2 runed translucent doors
D:15 3 runed translucent doors, Boahovan's ghost, journeyman DsGl
Lair:5 2 transporters, mortz's ghost, journeyman HuCj
Snake:2 Mlioglotl; Vashnia


Innate Abilities, Weirdness & Mutations

You are too large for most types of armour.
You have claws for hands.
Your natural rate of healing is unusually fast.
You are covered in fur. (AC +1)
You have tough skin. (AC +1)


Message History

The tentacled monstrosity is lightly wounded.
Unknown command.
You eviscerate the tentacled monstrosity!!!
The tentacled monstrosity is heavily wounded.
You hear an angry buzzing noise. x2
The salamander hits you but does no damage.
The tentacled monstrosity tentacle-slaps you!
* * * LOW HITPOINT WARNING * * *
The tentacled monstrosity tentacle-slaps you but does no damage. x2
The tentacled monstrosity constricts you.
* * * LOW HITPOINT WARNING * * *
You can now deal lightning-fast blows.
The salamander hits you but does no damage.
The tentacled monstrosity tentacle-slaps you but does no damage.
The tentacled monstrosity tentacle-slaps you.
* * * LOW HITPOINT WARNING * * *
The tentacled monstrosity tentacle-slaps you but does no damage.
The tentacled monstrosity constricts you.
* * * LOW HITPOINT WARNING * * *
You eviscerate the tentacled monstrosity!!!
The tentacled monstrosity is almost dead.
Vashnia says, "Slay the Troll at once!"
Unknown command.
You feel much better. The salamander barely misses you.
The tentacled monstrosity tentacle-slaps you but does no damage.
The tentacled monstrosity tentacle-slaps you.
* * * LOW HITPOINT WARNING * * *
The tentacled monstrosity tentacle-slaps you but does no damage.
The tentacled monstrosity constricts you.
* * * LOW HITPOINT WARNING * * *
You mangle the tentacled monstrosity!!
You kill the tentacled monstrosity!
Okawaru is honoured by your kill.
Vashnia shoots a bolt.
The bolt hits you!
* * * LOW HITPOINT WARNING * * *
Unknown command.
The salamander hits you from afar with a +3 spear!
* * * LOW HITPOINT WARNING * * *
You are engulfed in flames!
You die...

≈≈≈≈ ≈....#
≈≈≈≈≈≈ ≈....#
≈≈w≈#≈#≈....#
≈≈≈≈≈≈≈#....
#≈≈≈#≈≈≈S..
≈≈≈#≈≈≈#.N
≈≈≈≈≈≈≈N### .
#...>$@#
...#####.N(###
...°.......#
...........#
......(#####
..#...° #....
#^.... #.N....


You could see Vashnia and a salamander.

Vanquished Creatures
  A tentacled monstrosity (Snake:2)
  A nagaraja (Snake:1)
  Azrael (Snake:1)
  A fire dragon (Lair:5)
  4 vault guards (D:14)
  2 ice dragons (D:15)
  A salamander tyrant (Snake:2)
  Erolcha (Orc:2)
  6 hydras
  6 boulder beetles
  3 ogre magi
  3 naga warriors
  A catoblepas (D:15)
  9 anacondas
  A centaur warrior (D:15)
  13 two-headed ogres
  A death knight (D:11)
  2 thrashing horrors (Lair:6)
  6 naga sharpshooters
  A salamander mystic (Snake:2)
  A sea snake (Snake:1)
  4 naga ritualists (Snake:1)
  A lindwurm (Lair:2)
  2 wizards (D:15)
  5 mana vipers
  2 deep elf pyromancers
  2 orc knights
  5 swamp dragons
  2 oklob plants (Lair:5)
  7 cyclopes
  8 orc sorcerers (Orc:2)
  2 salamanders (Snake:1)
  19 ugly things
  An elephant (shapeshifter) (D:14)
  4 manticores
  24 black mambas
  9 cane toads
  A guardian serpent (Snake:1)
  27 elephants
  A smoke demon (Lair:6)
  A torpor snail (Lair:6)
  6 naga magi
  A gargoyle (D:12)
  3 kobold demonologists
  9 rime drakes (Lair:5)
  12 komodo dragons
  4 tengu conjurers
  2 ancient zymes (Lair:6)
  A troll (shapeshifter) (D:14)
  3 meliai (D:13)
  Grinder (D:5)
  6 polar bears
  3 trolls
  48 blink frogs
  10 dream sheep (Lair:6)
  2 large abominations (Lair:6)
  A slime creature (Lair:3)
  3 centaur simulacra
  2 ynoxinuls (Lair:6)
  2 shadows
  4 wraiths
  53 yaks
  2 vampires
  2 spriggans (Lair:6)
  5 basilisks
  3 fire elementals (Snake:1)
  A human (shapeshifter) (D:15)
  7 steam dragons
  9 vampire mosquitoes
  2 chaos spawn (Lair:6)
  A warg (Orc:2)
  3 acid dragons
  12 nagas
  3 swamp worms
  13 water moccasins
  5 hell hounds (Snake:1)
  14 orc warriors
  2 ice beasts (D:6)
  6 black bears
  A necrophage (D:6)
  An ogre (shapeshifter) (D:15)
  6 ogres
  7 wolves (Lair:2)
  2 centaurs
  A kobold brigand (D:9)
  Blork the orc (D:6)
  5 bullfrogs
  A gnoll sergeant (D:4)
  13 wights
  6 killer bees (D:9)
  5 howler monkeys
  2 electric eels
  8 jellies
  4 centaur zombies
  12 orc priests
  2 hounds
  A bullfrog skeleton (D:3)
  2 iguanas
  30 orc wizards
  Natasha (D:2)
  10 small abominations (Lair:6)
  2 howler monkey skeletons (D:5)
  6 adders
  8 gnolls
  2 river rats (D:5)
  A shadow imp (D:8)
  A white imp (D:5)
  A worm (D:2)
  67 orcs
  6 ball pythons
  A bat (D:1)
  16 endoplasms
  4 giant cockroaches
  3 goblins
  6 hobgoblins
  A jackal (D:2)
  2 quokkas
  3 frilled lizards
  6 kobolds
  7 rats
722 creatures vanquished.

Vanquished Creatures (others)
  An ogre mage (D:15)
  A chaos spawn (Lair:6)
  A vampire mosquito (Snake:2)
  A swamp drake (Snake:2)
  An orc wizard (Orc:2)
  20 fungi
  46 plants
71 creatures vanquished.

Grand Total: 793 creatures vanquished

Notes
Turn   | Place    | Note
-------+----------+-------------------------------------------
     0 | D:1      | Weaver the Troll Hunter began the quest for the Orb.
     0 | D:1      | Reached XP level 1. HP: 19/19 MP: 0/0
    92 | D:1      | Found Tistes's Antique Weapon Shoppe.
   248 | D:1      | Reached XP level 2. HP: 28/28 MP: 1/1
   280 | D:1      | Reached skill level 1 in Unarmed Combat
   701 | D:2      | Noticed Natasha
  1226 | D:2      | Reached XP level 3. HP: 32/35 MP: 2/2
  1305 | D:2      | Killed Natasha
  1306 | D:2      | Reached skill level 2 in Unarmed Combat
  1368 | D:3      | Reached XP level 4. HP: 42/42 MP: 3/3
  1436 | D:3      | Reached XP level 5. HP: 44/50 MP: 4/4
  1461 | D:3      | Reached skill level 3 in Unarmed Combat
  1473 | D:3      | Found a hazy altar of Hepliaklqana.
  1666 | D:3      | Found a stormy altar of Qazlal.
  1666 | D:3      | Found a sparkling altar of Nemelex Xobeh.
  1927 | D:4      | Noticed a black bear
  1931 | D:4      | Killed a black bear
  1932 | D:4      | Reached XP level 6. HP: 59/59 MP: 5/5
  2114 | D:5      | Entered Level 5 of the Dungeon
  2129 | D:5      | Found a staircase to the Ecumenical Temple.
  2141 | Temple   | Entered the Ecumenical Temple
  2255 | Temple   | Became a worshipper of Warmaster Okawaru
  2303 | D:5      | Reached skill level 4 in Unarmed Combat
  2335 | D:5      | Found a runed translucent door.
  2335 | D:5      | Identified the +1 cloak of a wizard's laboratory {Rampage
                  | rC+ Regen+ Int-3}
  2339 | D:5      | Found a runed translucent door.
  2471 | D:4      | Reached XP level 7. HP: 29/67 MP: 6/6
  2603 | D:5      | Noticed Grinder
  2605 | D:5      | Paralysed by Grinder for 7 turns
  2793 | D:5      | Reached * piety under Okawaru
  3050 | D:5      | Paralysed by Grinder for 6 turns
  3100 | D:5      | Killed Grinder
  3101 | D:5      | Reached skill level 5 in Throwing
  3101 | D:5      | Reached skill level 5 in Unarmed Combat
  3257 | D:6      | Reached XP level 8. HP: 73/78 MP: 7/7
  3269 | D:6      | Reached ** piety under Okawaru
  3388 | D:6      | Reached skill level 6 in Unarmed Combat
  3497 | D:6      | Noticed Blork the orc
  3501 | D:6      | Killed Blork the orc
  3845 | D:6      | Reached skill level 7 in Unarmed Combat
  4864 | D:9      | Reached XP level 9. HP: 53/85 MP: 8/8
  4927 | D:9      | Noticed a kobold demonologist
  4931 | D:9      | Noticed a kobold demonologist
  4937 | D:9      | Killed a kobold demonologist
  4942 | D:9      | Noticed an orange demon
  4942 | D:9      | Killed a kobold demonologist
  4942 | D:9      | Reached *** piety under Okawaru
  4945 | D:9      | Reached skill level 5 in Dodging
  4945 | D:9      | Reached skill level 8 in Unarmed Combat
  5036 | D:8      | Reached skill level 5 in Fighting
  5170 | D:8      | Reached **** piety under Okawaru
  5174 | D:8      | Reached skill level 9 in Unarmed Combat
  5220 | D:8      | Reached XP level 10. HP: 62/90 MP: 9/9
  5657 | D:9      | Reached ***** piety under Okawaru
  5738 | D:10     | Entered Level 10 of the Dungeon
  5738 | D:10     | Noticed a two-headed ogre
  5791 | D:10     | Found a staircase to the Orcish Mines.
  5871 | D:9      | Reached skill level 10 in Unarmed Combat
  6104 | D:10     | Found a sacrificial altar of Ru.
  6133 | D:11     | HP: 4/100 [acid dragon/splash of acid (24)]
  6301 | D:11     | Identified the +1 hat of the Lily {+Inv rElec Dex+4}
                  | (Okawaru gifted it to you on level 11 of the Dungeon)
  6301 | D:11     | Received a gift from Okawaru
  6302 | D:11     | Reached XP level 11. HP: 84/107 MP: 10/10
  6402 | D:11     | Noticed a death knight
  6410 | D:11     | Killed a death knight
  6411 | D:11     | Reached skill level 11 in Unarmed Combat
  6602 | D:11     | Noticed a two-headed ogre
  6614 | D:11     | Killed a two-headed ogre
  6894 | D:12     | Noticed a boulder beetle
  6897 | D:12     | Reached skill level 1 in Armour
  7203 | D:10     | Noticed an orc knight
  7203 | D:10     | Noticed a deep elf pyromancer
  7223 | D:10     | Killed an orc knight
  7234 | D:10     | Killed a deep elf pyromancer
  7261 | D:10     | Identified the +3 kite shield of Qucorext {Rampage rF- rC+
                  | Int+8}
  7311 | D:10     | Killed a two-headed ogre
  7312 | D:10     | Reached skill level 1 in Invocations
  7396 | D:10     | Noticed a two-headed ogre
  7407 | D:10     | Reached skill level 12 in Unarmed Combat
  7410 | D:10     | Killed a two-headed ogre
  7410 | D:10     | Received a gift from Okawaru
  7468 | D:10     | Noticed a two-headed ogre
  7476 | D:10     | Killed a two-headed ogre
  7590 | D:9      | Found a staircase to the Lair.
  7691 | Lair:1   | Entered Level 1 of the Lair of Beasts
  7812 | Lair:1   | Received a gift from Okawaru
  7833 | Lair:1   | Reached XP level 12. HP: 113/118 MP: 12/12
  7931 | Lair:1   | Noticed a six-headed hydra
  8016 | Lair:1   | Received a gift from Okawaru
  8043 | Lair:1   | Reached ****** piety under Okawaru
  8547 | Lair:2   | Received a gift from Okawaru
  8569 | Lair:2   | Reached skill level 13 in Unarmed Combat
  8720 | Lair:2   | You fall into a shaft and drop 1 floor!
  8805 | Lair:3   | Found a staircase to the Snake Pit.
  8826 | Lair:3   | Noticed a six-headed hydra
  9059 | Lair:4   | Received a gift from Okawaru
  9203 | Lair:3   | Noticed a five-headed hydra
  9249 | Lair:4   | Reached XP level 13. HP: 128/128 MP: 15/15
  9251 | Lair:4   | Received a gift from Okawaru
  9267 | Lair:4   | Identified the +11 fustibalus "Xurgh" {venom, rF- Str+4
                  | SInv} (Okawaru gifted it to you on level 4 of the Lair of
                  | Beasts)
  9267 | Lair:4   | Received a gift from Okawaru
  9355 | Lair:4   | Found a staircase to the Swamp.
  9929 | Lair:3   | Reached skill level 10 in Throwing
 10040 | Lair:4   | Reached skill level 5 in Armour
 10121 | Lair:4   | Reached skill level 14 in Unarmed Combat
 10167 | Lair:5   | Found a transporter.
 10170 | Lair:5   | Noticed mortz's ghost (journeyman HuCj)
 10252 | Lair:5   | Reached skill level 5 in Invocations
 10271 | Lair:5   | Received a gift from Okawaru
 10300 | Lair:5   | Found a transporter.
 10385 | Lair:6   | Entered Level 6 of the Lair of Beasts
 10412 | Lair:5   | Identified the +2 flail of the Ancient Knives {freeze,
                  | rElec rPois rC+ Int-3}
 10466 | Lair:5   | Found a staircase to the Slime Pits.
 10686 | Lair:5   | Noticed a fire dragon
 10707 | Lair:5   | Killed a fire dragon
 10707 | Lair:5   | Received a gift from Okawaru
 10850 | Lair:6   | Identified the +1 hat of Discretion {Will++ Int-5} (Okawaru
                  | gifted it to you on level 6 of the Lair of Beasts)
 10850 | Lair:6   | Received a gift from Okawaru
 11133 | Lair:6   | Reached XP level 14. HP: 96/140 MP: 15/17
 11136 | Lair:6   | Reached skill level 15 in Unarmed Combat
 11550 | Lair:5   | Received a gift from Okawaru
 11747 | Lair:6   | Received a gift from Okawaru
 11933 | Lair:6   | Received a gift from Okawaru
 11971 | Lair:6   | Received a gift from Okawaru
 12215 | Lair:6   | Found a corrupted altar of Lugonu.
 12215 | Lair:6   | Found a one-way gate to the infinite horrors of the Abyss.
 13542 | D:12     | Found Marchipa's Assorted Antiques.
 13569 | D:12     | Bought a scroll labelled QEALI YRUARYNT for 29 gold pieces
 13569 | D:12     | Bought a scroll of identify for 58 gold pieces
 13615 | D:12     | Found a portal to a secret trove of treasure.
 13658 | D:12     | Reached skill level 16 in Unarmed Combat
 13972 | Orc:1    | Entered Level 1 of the Orcish Mines
 13997 | Orc:1    | Found Iseuneh's Distillery.
 14010 | Orc:1    | Bought a potion of curing for 42 gold pieces
 14010 | Orc:1    | Bought a potion of haste for 140 gold pieces
 14456 | Orc:2    | Entered Level 2 of the Orcish Mines
 14585 | Orc:2    | Found a staircase to the Elven Halls.
 14737 | Orc:2    | Paralysed by an ogre mage for 5 turns
 14747 | Orc:2    | Received a gift from Okawaru
 14769 | Orc:2    | Found an ancient bone altar of Kikubaaqudgha.
 14777 | Orc:2    | Reached skill level 10 in Fighting
 14797 | Orc:2    | Paralysed by an orc sorcerer for 3 turns
 14800 | Orc:2    | Received a gift from Okawaru
 14834 | Orc:2    | Found Plog's Magic Scroll Emporium.
 14852 | Orc:2    | Noticed Erolcha
 14857 | Orc:2    | Killed Erolcha
 14858 | Orc:2    | Reached XP level 15. HP: 147/149 MP: 11/19
 14867 | Orc:2    | Found a radiant altar of Vehumet.
 14930 | Orc:2    | Bought a scroll of teleportation for 54 gold pieces
 14930 | Orc:2    | Bought a scroll of teleportation for 54 gold pieces
 14930 | Orc:2    | Bought a scroll of teleportation for 54 gold pieces
 15214 | Orc:2    | Found Jotacsoe's Book Emporium.
 15218 | Orc:2    | Found Aroisezu's Magic Scroll Shoppe.
 15226 | Orc:2    | Paralysed by an orc sorcerer for 3 turns
 15264 | Orc:2    | Found Bat Jije's Antique Weapon Shoppe.
 15281 | Orc:2    | Bought 2 scrolls of teleportation for 78 gold pieces
 15281 | Orc:2    | Bought a scroll of enchant armour for 97 gold pieces
 15281 | Orc:2    | Bought a scroll of identify for 26 gold pieces
 15281 | Orc:2    | Bought a scroll of identify for 26 gold pieces
 15281 | Orc:2    | Bought a scroll of identify for 26 gold pieces
 15306 | Orc:2    | Acquired 1003 gold pieces
 16104 | D:14     | Found a gate to the Vaults.
 16132 | D:14     | Received a gift from Okawaru
 16145 | D:14     | Identified the +1 hat "Diwkueph" {+Blink Int+2 Dex-3}
                  | (Okawaru gifted it to you on level 14 of the Dungeon)
 16145 | D:14     | Received a gift from Okawaru
 17554 | D:15     | Entered Level 15 of the Dungeon
 17774 | D:15     | Identified the +0 tower shield "Xolaph" {Harm Will+++
                  | Int-4} (Okawaru gifted it to you on level 15 of the
                  | Dungeon)
 17774 | D:15     | Received a gift from Okawaru
 17905 | D:15     | Reached skill level 17 in Unarmed Combat
 18043 | D:15     | Found a staircase to the Depths.
 18291 | D:15     | Found a runed translucent gate.
 18291 | D:15     | Noticed Boahovan's ghost (journeyman DsGl)
 18292 | D:15     | Found a runed translucent gate.
 18292 | D:15     | Noticed an orc warlord
 18301 | D:15     | Found a runed translucent gate.
 18301 | D:15     | Identified the +6 morningstar of Poehek {freeze, Will+}
 19151 | Snake:1  | Entered Level 1 of the Snake Pit
 19270 | Snake:1  | Noticed Azrael
 19370 | Snake:1  | Killed Azrael
 19461 | Snake:1  | Identified the +0 kite shield of Gangirek {rPois rF+ rC+
                  | Str-5} (Okawaru gifted it to you on level 1 of the Snake
                  | Pit)
 19461 | Snake:1  | Received a gift from Okawaru
 19650 | Snake:1  | Reached XP level 16. HP: 133/161 MP: 21/21
 20087 | Snake:1  | Received a gift from Okawaru
 20308 | Snake:1  | You fall into a shaft and drop 1 floor!
 20475 | Snake:1  | Identified the +1 robe "Meosilup" {Str-3 Dex+6} (Okawaru
                  | gifted it to you on level 1 of the Snake Pit)
 20475 | Snake:1  | Received a gift from Okawaru
 20749 | Snake:2  | Reached skill level 18 in Unarmed Combat
 20749 | Snake:2  | Noticed Vashnia
 21019 | Snake:2  | Noticed Mlioglotl
 21314 | Snake:2  | Noticed a tentacled monstrosity
 21343 | Snake:2  | Killed a tentacled monstrosity
 21344 | Snake:2  | Slain by a salamander

Illustrated notes

Levels and vault maps discovered:
D:1:      wander_arrival_chamber, layout_basic, serial_shops, shop
D:2:      minmay_chambers_of_twos, layout_basic,
          shapermc_ecumenical_altar_totnotflames, uniq_natasha, uniq_terence
D:3:      layout_basic, chequers_temple_overflow_statue_of_worship,
          mainiacjoe_overflow_tiny_flanked
D:4:      layout_gridville
D:5:      lemuel_insect_pit, layout_cave_pools,
          minmay_temple_entry_stoned_glass, portal_sewer_entry_e, uniq_grinder
D:6:      layout_gridville, uniq_blork_the_orc
D:7:      layout_loops_cross
D:8:      layout_loops_cross
D:9:      layout_grid_maze, lair_entry_dummy, minivault_14
D:10:     minmay_tri_box, layout_irregular_city,
          mainiacjoe_overflow_concentric_impassable, serial_column_ruins,
          column_ruins_hut_ruined, column_ruins_hut, column_ruins_corridor_T,
          column_ruins_grid_1, column_ruins_grid_3
D:11:     layout_long_grid, minivault_20
D:12:     layout_basic, serial_shops, shop, nicolae_trove_entry_columns,
          kennysheep_cross_room
D:13:     layout_long_grid, gauntlet_entry_generic, dk_noncrumbling_3
D:14:     layout_basic, lightli_vaults_fourway_checkpoint
D:15:     grunt_enter_depths_hoard, layout_long_grid, serial_park_tiny_pond,
          biasface_ghost_orc_armoury, fungi_pond_lemuel
Temple:   hc_temple_tempest_star
Lair:1:   beast_lair_carwin_large_3, layout_loops_ring, grunt_megastairs_5,
          lemuel_fruit_tree
Lair:2:   layout_chaotic_city, minmay_stone_trees_small, lemuel_fruit_fields
Lair:3:   lemuel_slime, layout_loops_ring, guppyfry_snake_entry_island
Lair:4:   layout_long_grid, minmay_swamp_entry_worms, grunt_megastairs_2
Lair:5:   layout_long_grid, minmay_slime_entry_oklob_enclosed,
          gammafunk_ghost_arena, bobbens_dragon_lair_wall
Lair:6:   hellmonk_lair_end_abyssal_woods, layout_long_grid
Snake:1:  layout_onion_interference, guppyfry_library_mini,
          serial_bayou_shore_a, grunt_megastairs_3, uniq_azrael
Snake:2:  onia_ninara_swampy_vault, layout_cave_shapes, grunt_ministairs_9,
          uniq_mlioglotl, uniq_vashnia, uniq_aizul
Snake:3:  layout_misc_corridors, uniq_kirke
Orc:1:    layout_caves, serial_shops, nicolae_shop_waterfront
Orc:2:    kennysheep_orc_mage_school, layout_diamond_mine

Skill      XL: |  1  2  3  4  5  6  7  8  9 10 11 12 13 14 15 16 |
---------------+-------------------------------------------------+-----
Unarmed Combat | 1 2 3 4 5 7 9 10 12 13 14 16 17 18 | 18.2
Fighting       | 2 3 4 5 6 7 8 9 10 11 | 11.2
Dodging        | 2 3 4 5 6 |  6.8
Throwing       | 4 5 6 7 8 9 10 11 12 | 12.7
Armour         | 3 4 6 7 8 9 |  9.0
Invocations    | 2 4 6 7 8 9 |  9.4
Stealth        | |  0.3

Action                   |  1- 3 |  4- 6 |  7- 9 | 10-12 | 13-15 | 16-18 || total
-------------------------+-------+-------+-------+-------+-------+-------++-------
Melee: Unarmed           |    80 |    74 |   221 |   566 |  1103 |   232 ||  2276
       Punch             |     1 |       |    11 |    58 |   119 |    23 ||   212
Throw: Large rock        |     3 |    11 |    11 |    18 |    56 |    14 ||   113
       Throwing net      |       |       |       |     3 |     1 |       ||     4
       Boomerang         |       |       |       |     7 |    18 |       ||    25
       Javelin           |       |       |       |       |     8 |       ||     8
Invok: Heroism           |       |       |     4 |     5 |    19 |     6 ||    34
       Finesse           |       |       |       |     1 |     5 |     4 ||    10
Evoke: Wand              |       |       |       |     1 |     3 |       ||     4
  Use: Scroll            |     1 |       |    12 |    13 |    12 |       ||    38
       Potion            |       |       |       |     1 |     2 |     3 ||     6
 Stab: Sleeping          |     1 |       |     2 |     1 |     3 |       ||     7
       Held in net/web   |       |       |       |     2 |       |       ||     2
Armor: Robe              |    21 |    15 |    50 |    46 |       |       ||   132
       Acid dragon scale |       |       |       |   133 |   458 |   120 ||   711
Dodge: Dodged            |    32 |    34 |    93 |   326 |   628 |   114 ||  1227
